 Dungeon Crawl Stone Soup version 0.23.0-3-gf3c87f2 (webtiles) character file.

Game seed: 4284504649397207298

109 PorkyPig the Conjurer (level 4, -2/27 HPs)
             Began as an Octopode Conjurer on Feb 23, 2019.
             Killed from afar by an orc wizard (9 damage)
             ... with a magic dart
             ... on level 3 of the Dungeon.
             The game lasted 00:13:25 (2668 turns).

PorkyPig the Conjurer (Octopode Conjurer)           Turns: 2668, Time: 00:13:25

Health: -2/27      AC:  1    Str:  7    XL:     4   Next: 90%
Magic:  4/8        EV: 13    Int: 18    God:
Gold:   115        SH:  0    Dex: 12    Spells: 7/8 levels left

rFire    . . .     SeeInvis .   c - +0 short sword
rCold    . . .     Gourm    .   (no shield)
rNeg     . . .     Faith    .   (helmet restricted)
rPois    .         Spirit   .   p - amulet of magic regeneration
rElec    .         Reflect  .   q - ring of flight
rCorr    .         Harm     .   (no ring)
MR       .....                  (no ring)
Stlth    +++.......             (no ring)
HPRegen  0.09/turn              (no ring)
MPRegen  0.36/turn              (no ring)
                                (no ring)
                                (no ring)

@: no status effects
A: almost no armour, stealthy swim, amphibious, 8 rings, constrict 8, camouflage
1, gelatinous body 1
a: Evoke Flight


You were on level 3 of the Dungeon.
You were not hungry.

You visited 1 branch of the dungeon, and saw 3 of its levels.

You collected 115 gold pieces.

Inventory:

Hand Weapons
 c - a +0 short sword (weapon)
 e - a +0 club
 k - a +0 spear
 n - a +0 war axe
Missiles
 l - a throwing net (quivered)
 m - 3 javelins
Armour
 g - a +0 shield
Jewellery
 p - an amulet of magic regeneration (around mantle)
 q - a ring of flight (left tentacle)
Scrolls
 a - 3 scrolls of remove curse
 d - 2 scrolls of random uselessness {unknown}
 j - a scroll of blinking
 o - a scroll of identify
Potions
 f - a potion of cancellation
 h - 2 potions of haste {unknown}
 i - 4 potions of curing
Comestibles
 b - 4 rations
 r - a chunk of flesh


   Skills:
 + Level 0.2 Fighting
 + Level 0.5 Short Blades
 - Level 2.0 Dodging
 - Level 3.3 Stealth
 - Level 1.3 Shields
 + Level 2.8 Spellcasting
 + Level 5.0 Conjurations


You had 7 spell levels left.
You knew the following spells:

 Your Spells              Type           Power        Failure   Level  Hunger
a - Magic Dart            Conj           ###.         2%          1    None

Your spell library contained the following spells:

 Spells                   Type           Power        Failure   Level  Hunger
 Searing Ray              Conj           ###...       3%          2    ##.....
 Dazzling Spray           Conj/Hex       ##....       19%         3    ###....
 Iskenderun's Mystic Bla  Conj           ###.....     22%         4    ####...
 Force Lance              Conj/Tloc      ##......     52%         4    ####...
 Fulminant Prism          Conj/Hex       ##........   52%         4    ####...


Dungeon Overview and Level Annotations

Branches:
Dungeon (3/15)

Altars:
Dithmenos
Fedhas
Hepliaklqana
Ru
Xom

Annotations:
D:1 exclusion: downstairs


Innate Abilities, Weirdness & Mutations

You cannot wear most types of armour.
You are very stealthy in the water. (Stealth+)
You are amphibious.
You can wear up to eight rings at the same time.
You can use your tentacles to constrict eight enemies at once.
Your skin changes colour to match your surroundings (Stealth+).
Your rubbery body absorbs attacks. (AC +1, EV +1)


Message History

Casting: Magic Dart (safe; 2% risk of failure)
Confirm with . or Enter, or press ? or * to list all spells.
Aiming: Magic Dart (safe; 2% risk of failure)
Press: ? - help, Shift-Dir - straight line, f/p - orc wizard
Aim: an orc wizard, wielding a +0 dagger and wearing a +0 robe The magic dart hits the orc wizard.
The orc wizard is lightly wounded.
The orc wizard points at you and mumbles some strange words.
The magic dart hits you.
* * * LOW HITPOINT WARNING * * *
Casting: Magic Dart (safe; 2% risk of failure)
Confirm with . or Enter, or press ? or * to list all spells.
Aiming: Magic Dart (safe; 2% risk of failure)
Press: ? - help, Shift-Dir - straight line, f/p - orc wizard
Aim: an orc wizard, wielding a +0 dagger and wearing a +0 robe (lightly wounded)
The magic dart hits the orc wizard.
The orc wizard is lightly wounded.
The orc wizard gestures at you while chanting.
The magic dart hits you!
You die...

#..##..#
#.#.######.##
#..##..######.#.#
#....#
..........#.###.####
###. #.........#
.....#.###.# ### #.#
#.# #.# #.# #.# #.#
#@# #.#
oKo)........#
.###....#####
o.....# ###.(.##
##.# #. #.


You could see an orc wizard, 2 orcs and a kobold.

Vanquished Creatures
  An orc priest (D:3)
  2 adders (D:2)
  2 worms (D:2)
  2 dart slugs (D:2)
  3 leopard geckos
  2 orcs (D:3)
  A ball python (D:1)
  4 bats
  2 giant cockroaches
  4 hobgoblins
  7 kobolds
  2 frilled lizards
  7 goblins
  11 rats
50 creatures vanquished.

Notes
Turn   | Place    | Note
-------+----------+-------------------------------------------
     0 | D:1      | PorkyPig the Octopode Conjurer began the quest for the Orb.
     0 | D:1      | Reached XP level 1. HP: 11/11 MP: 3/3
   193 | D:1      | Reached XP level 2. HP: 17/17 MP: 0/5
  1050 | D:2      | Reached XP level 3. HP: 21/21 MP: 3/6
  1137 | D:2      | Found a shimmering altar of Xom.
  1138 | D:2      | Found a sacrificial altar of Ru.
  1489 | D:2      | Reached skill level 1 in Shields
  1496 | D:2      | Found a hazy altar of Hepliaklqana.
  1747 | D:2      | Reached XP level 4. HP: 23/27 MP: 3/7
  2319 | D:2      | Found a blossoming altar of Fedhas.
  2524 | D:3      | Found a shadowy altar of Dithmenos.
  2568 | D:3      | Reached skill level 5 in Conjurations
  2668 | D:3      | Killed from afar by an orc wizard

Skill      XL: |  1  2  3  4 |
---------------+-------------+-----
Stealth        | 3 |  3.3
Shields        | 1 |  1.3
Conjurations   | 5 |  5.0
Fighting       | |  0.2
Short Blades   | |  0.5
Dodging        | |  2.0
Spellcasting   | |  2.8

Action                   |  1- 3 |  4- 6 || total
-------------------------+-------+-------++-------
Melee: Dagger            |     3 |       ||     3
       Constrict         |     2 |     3 ||     5
       Tentacles         |     1 |       ||     1
       Short sword       |     3 |    10 ||    13
 Cast: Magic Dart        |    61 |    30 ||    91
  Use: Scroll            |     5 |       ||     5
 Stab: Sleeping          |     1 |       ||     1
  Eat: Chunk             |     2 |     4 ||     6
Dodge: Dodged            |     4 |    10 ||    14
Block: Shield            |     2 |     1 ||     3
